 Dungeon Crawl Stone Soup version 0.21.1-1-g345015f (webtiles) character file.

226 Opti87 the Conjurer (level 6, -2/34 HPs)
             Began as a Kobold Conjurer on May 24, 2018.
             Was an Initiate of Vehumet.
             Killed from afar by a white imp (11 damage)
             ... with a puff of frost
             ... summoned by Natasha
             ... on level 4 of the Dungeon.
             The game lasted 00:21:13 (5148 turns).

Opti87 the Conjurer (Kobold Conjurer)               Turns: 5148, Time: 00:21:14

Health: -2/34      AC:  2    Str:  5    XL:     6   Next: 21%
Magic:  1/11       EV: 16    Int: 18    God:    Vehumet [......]
Gold:   175        SH:  0    Dex: 16    Spells: 1/11 levels left

rFire    . . .     SeeInvis .   d - +0 dagger (venom)
rCold    . . .     Gourm    .   (shield restricted)
rNeg     . . .     Faith    .   a - +0 robe
rPois    .         Spirit   .   (no helmet)
rElec    .         Reflect  .   (no cloak)
rCorr    .         Harm     .   (no gloves)
MR       .....                  (no boots)
Stlth    +++.......             (no amulet)
HPRegen  0.11/turn              l - ring of wizardry
MPRegen  0.12/turn              (no ring)

@: no status effects
A: small, carnivore
a: Renounce Religion


You were on level 4 of the Dungeon.
You worshipped Vehumet.
Vehumet was noncommittal.
You were not hungry.

You visited 1 branch of the dungeon, and saw 4 of its levels.

You collected 175 gold pieces.

Inventory:

Hand Weapons
 d - a +0 dagger of venom (weapon)
Armour
 a - a +0 robe (worn)
 g - a +0 robe
Jewellery
 l - a ring of wizardry (left hand)
Scrolls
 e - 2 scrolls of remove curse {unknown}
 f - 2 scrolls of enchant armour {unknown}
 i - 2 scrolls of amnesia {unknown}
 j - a scroll of identify {unknown}
 o - a scroll of random uselessness {unknown}
Potions
 h - 2 potions of magic {unknown}
 k - a potion of curing {@q1}
 m - a potion of ambrosia {unknown}
 n - a potion of agility {unknown}
Books
 b - a book of Conjurations

   Spells                             Type                      Level
   a - Magic Dart                     Conjuration                  1
   b - Searing Ray                    Conjuration                  2
   c - Dazzling Spray                 Conjuration/Hexes            3
   d - Fulminant Prism                Conjuration/Hexes            4
   e - Force Lance                    Conjuration/Translocation    4
   f - Iskenderun's Mystic Blast      Conjuration                  4
Comestibles
 c - 9 rations


   Skills:
 + Level 1.3 Fighting
 + Level 2.8 Short Blades
 + Level 3.8 Dodging
 - Level 3.8 Stealth
 + Level 3.4 Spellcasting
 + Level 4.7 Conjurations


You had one spell level left.
You knew the following spells:

 Your Spells              Type           Power        Failure   Level  Hunger
a - Magic Dart            Conj           ###.         1%          1    None
b - Searing Ray           Conj           ###...       1%          2    ##.....
c - Dazzling Spray        Conj/Hex       ##....       7%          3    ###....
d - Iskenderun's Mystic   Conj           ###.....     9%          4    ####...


Dungeon Overview and Level Annotations

Branches:
Dungeon (4/15)
 Temple: D:4-7

Altars:
Hepliaklqana
Makhleb
Okawaru
Uskayaw
Vehumet
Zin

Annotations:
D:4 Natasha


Innate Abilities, Weirdness & Mutations

You are small and have problems with some larger weapons.
You are carnivorous and can eat meat at any time.


Message History

The hound bites you.
Casting: Dazzling Spray
Confirm with . or Enter, or press ? or * to list all spells.
Aiming: Iskenderun's Mystic Blast
Press: ? - help, Shift-Dir - straight line, f - Natasha, p - hound
Aim: Natasha The orb of energy hits the hound.
The hound is heavily wounded.
The orb of energy explodes!
The hound closely misses you. The hound completely misses you.
The white imp gestures at you. The puff of frost hits you!
The hound barely misses you. The hound completely misses you.
The hound misses you. The hound barely misses you. The hound bites you.
* * * LOW HITPOINT WARNING * * *
The white imp gestures at you. The puff of frost hits you!
You die...

...........####....# #.....
...............#....# #....
#....................###..#
#..................(...#..###
#................5..........#
#..............#..o.........#
.............#..o##.........#
...........###..######o##...'
..........[.@.h...# #.##.###
........#+#.......####.##....
....##..'_+.......#...5o.55{.
... #..#+#..................
#.......................
###................###....
....................# .....
......####...........#......
............................


You could see a hound, an orc wizard, a white imp and an orc.

Vanquished Creatures
  A scorpion (D:4)
  Jessica (D:3)
  4 gnolls (D:2)
  2 adders
  An ooze (D:1)
  2 worms
  5 dart slugs
  A leopard gecko (D:4)
  6 orcs
  2 giant cockroaches
  4 goblins
  9 hobgoblins
  4 jackals (D:1)
  3 quokkas
  A ball python (D:2)
  7 bats
  3 frilled lizards
  7 kobolds
  4 rats
  A butterfly (D:3)
68 creatures vanquished.

Notes
Turn   | Place    | Note
-------+----------+-------------------------------------------
     0 | D:1      | Opti87 the Kobold Conjurer began the quest for the Orb.
     0 | D:1      | Reached XP level 1. HP: 10/10 MP: 3/3
   375 | D:1      | Reached XP level 2. HP: 15/15 MP: 1/5
   613 | D:1      | Reached XP level 3. HP: 19/19 MP: 2/6
   843 | D:1      | Reached skill level 1 in Short Blades
  1387 | D:2      | Learned a level 2 spell: Searing Ray
  1424 | D:2      | Reached XP level 4. HP: 23/24 MP: 0/8
  2192 | D:2      | Found a hide-covered altar of Uskayaw.
  2209 | D:2      | Reached XP level 5. HP: 21/28 MP: 4/9
  2303 | D:2      | Found an iron altar of Okawaru.
  2718 | D:2      | Found a hazy altar of Hepliaklqana.
  2915 | D:2      | Learned a level 3 spell: Dazzling Spray
  2928 | D:2      | Found a glowing silver altar of Zin.
  4130 | D:3      | Found a radiant altar of Vehumet.
  4134 | D:3      | Became a worshipper of Vehumet
  4279 | D:3      | Noticed Jessica
  4283 | D:3      | Killed Jessica
  4630 | D:3      | Learned a level 4 spell: Iskenderun's Mystic Blast
  4881 | D:4      | Reached skill level 1 in Fighting
  4881 | D:4      | Reached XP level 6. HP: 32/34 MP: 3/11
  4947 | D:4      | Found a burning altar of Makhleb.
  5095 | D:4      | Noticed Natasha
  5148 | D:4      | Killed from afar by a white imp

Skill      XL: |  1  2  3  4  5 |
---------------+----------------+-----
Stealth        | 3 |  3.8
Short Blades   | 1 2 |  2.8
Dodging        | 3 |  3.8
Spellcasting   | 3 |  3.4
Fighting       | 1 |  1.3
Conjurations   | |  4.7

Action                   |  1- 3 |  4- 6 || total
-------------------------+-------+-------++-------
Melee: Unarmed           |     7 |       ||     7
       Dagger            |    24 |    14 ||    38
 Cast: Magic Dart        |    51 |    91 ||   142
       Searing Ray       |       |     9 ||     9
       Iskenderun's Myst |       |     3 ||     3
       Dazzling Spray    |       |     1 ||     1
  Use: Potion            |       |     2 ||     2
  Eat: Chunk             |     6 |    11 ||    17
Armor: Robe              |     3 |     2 ||     5
Dodge: Dodged            |    36 |    30 ||    66
